 Dungeon Crawl Stone Soup version 0.30-a0-696-g2367cd04db (webtiles) character file.

Game seed: 15973308429700028083

262 ASSMAN the Ducker (level 6, -18/66 HPs)
             Began as a Merfolk Ice Elementalist on Jan 21, 2023.
             Was a Follower of Vehumet.
             Killed by an exploding shadow imp (33 damage)
             ... ignited by their inner flame
             ... on level 4 of the Dungeon.
             The game lasted 00:10:04 (4002 turns).

ASSMAN the Ducker (Merfolk Ice Elementalist)        Turns: 4002, Time: 00:10:04

Health: -18/66     AC: 23    Str:  8      XL:     6   Next: 18%
Magic:  9/9        EV:  2    Int: 16      God:    Vehumet [*.....]
Gold:   258        SH:  0    Dex: 12 (13) Spells: 5/9 levels left

rFire   x . .      SeeInvis .    s - +0 trident
rCold   + . .      Faith    .    (no shield)
rNeg    . . .      Spirit   .    (body armour currently unavailable)
rPois   +          Reflect  .    (helmet currently unavailable)
rElec   .          Harm     .    (cloak currently unavailable)
rCorr   .          Rampage  .    (gloves currently unavailable)
Will    .....      NoTele   +    (boots currently unavailable)
Stlth   ++                       (no amulet)
HPRegen 0.31/turn                r - ring of Tinaid {Ice rPois}
MPRegen 0.11/turn                (no ring)

@: tree-form
A: stationary, stasis, torment immunity, boosted hp, (nimble swimmer 2),
(mertail), clumsy 1, sense surroundings 1, (teleportitis 1)
a: Renounce Religion


You were on level 4 of the Dungeon.
You worshipped Vehumet.
Vehumet was aware of your devotion.
You were a tree.
You visited 1 branch of the dungeon, and saw 4 of its levels.

You collected 258 gold pieces.

Inventory:

Hand Weapons
 s - a +0 trident (weapon)
 t - a +2 dagger of holy wrath
 w - the +2 flail "Ekhlaren" {flame, rElec rC+ Dex-5}
   (You found it on level 4 of the Dungeon)

   Dex:       It affects your dexterity (-5).
   rC:        It protects you from cold.
   rElec:     It insulates you from electricity.
Armour
 a - a +0 robe (melded)
 n - a scarf of resistance (melded)
Jewellery
 r - the ring of Tinaid (left branch) {Ice rPois}
   (You found it on level 3 of the Dungeon)

   [ring of ice]

   It enhances your ice magic.
   rF:        It makes you vulnerable to fire.
   rC:        It protects you from cold.
   rPois:     It protects you from poison.
 y - an amulet of regeneration
Wands
 g - a wand of light (2)
Scrolls
 c - a scroll of blinking {unknown}
 e - a scroll of magic mapping
 f - a scroll of enchant weapon {unknown}
 i - a scroll of identify
 p - a scroll of fear {unknown}
 v - a scroll of fog {unknown}
Potions
 b - 2 potions of magic
 m - a potion of brilliance {unknown}
 o - a potion of haste
 u - a potion of might {unknown}
 x - a potion of flight {unknown}


   Skills:
 - Level 2.0 Fighting
 * Level 5.3 Polearms
 + Level 5.4 Dodging
 - Level 2.1 Stealth
 - Level 2.0 Spellcasting
 - Level 4.3 Ice Magic


You had 5 spell levels left.
You knew the following spells:

 Your Spells              Type           Power      Damage    Failure   Level
a - Freeze                Ice            92%        1d9       3%          1
b - Ozocubu's Armour      Ice            23%        N/A       11%         3

Your spell library contained the following spells:

 Spells                   Type           Power      Damage    Failure   Level
 Foxfire                  Conj/Fire      4%         2x1d4     21%         1
 Frozen Ramparts          Ice            46%        1d7       11%         3
 Gell's Gravitas          Tloc           1%         N/A       52%         3
 Teleport Other           Tloc           1%         N/A       52%         3
 Summon Ice Beast         Ice/Summ       12%        N/A       63%         4
 Dispersal                Tloc           0%         N/A       100%        6


Dungeon Overview and Level Annotations

Branches:
Dungeon (4/15)             Temple (0/1) D:4

Altars:
Nemelex Xobeh
Qazlal
Vehumet

Shops:
D:1 =

Annotations:
D:4 Eustachio


Innate Abilities, Weirdness & Mutations

You are a tree.
Your roots penetrate the ground, keeping you stationary.
You cannot be teleported.
You are immune to unholy pain and torment.
Your maximum health is greatly increased.
Your equipment is partially melded.
((You are very nimble when in or above water. (Stealth+, EV+, Speed+++)))
((Your lower body shifts to a powerful aquatic tail in water.))
You are clumsy. (Dex -2)
You passively map a small area around you.
((You are occasionally teleported next to monsters.))


Message History

Press: ? - help, Dir - move target, f/p - gnoll
Aim: a gnoll, wielding a +0 spear (inner flame, about 37% to evade your +0 trident)
You reach to attack!
You hit the gnoll but do no damage. The gnoll hits you but does no damage.
The river rat bites you.
* * * LOW HITPOINT WARNING * * *
The shadow imp hits you but does no damage.
Reach: s) +0 trident
Press: ? - help, Dir - move target, f/p - gnoll
Aim: a gnoll, wielding a +0 spear (inner flame, about 37% to evade your +0 trident)
The shadow imp is in the way.
You hit the shadow imp but do no damage.
Eustachio gestures wildly while chanting.
Eustachio blinks!
The gnoll hits you but does no damage.
The river rat bites you but does no damage.
The shadow imp hits you but does no damage.
Reach: s) +0 trident
Press: ? - help, Dir - move target, f/p - gnoll
Aim: a gnoll, wielding a +0 spear (inner flame, about 37% to evade your +0 trident)
You reach to attack!
You hit the gnoll.
Flame seeps out of the gnoll.
The gnoll is moderately wounded.
The gnoll is engulfed in blazing flames.
Flame seeps out of the gnoll.
The gnoll hits you but does no damage. The river rat bites you.
* * * LOW HITPOINT WARNING * * *
The shadow imp hits you but does no damage.
Reach: s) +0 trident
Press: ? - help, Dir - move target, f/p - gnoll
Aim: a gnoll, wielding a +0 spear (flame, severely wounded, inner flame, about 37% to evade your +0 trident)
The shadow imp is in the way.
You hit the shadow imp.
Flame seeps out of the shadow imp.
The shadow imp is lightly wounded.
The gnoll is engulfed in blazing flames.
Vehumet accepts your kill.
The gnoll explodes!
The fiery explosion engulfs the shadow imp!!
The shadow imp disappears in a puff of smoke!
The shadow imp explodes!
The fiery explosion engulfs you!! The fire burns you terribly!
Ouch! That really hurt!
You die...

,.......#........#***#..#,#.#.#.#
,.......##.#####..,,*#.#.♣.###.8.
,.......*#.## ****,,...#.#.#.#.#
,.......*#..# **###.####.###.
,....)..*##.# *.,*#.⌠.###
,......#* #.## *,,.##.#.##
,.....#* #.5### ***#..#....
******* ##5rr##### ###.......
###rr♣○§#####........)
#####°§##........###
##§.....######..
######......######.. *****
#...............##.. **,,,**
#.#####..§.§....##..
**,,,,,**####.####.....§.§..#...
*,,,,,,,*#.$...)...#.~~§........
*,,,.......@.#######.≈§§§~.(....


You could see 2 river rats, a shadow imp (summoned, inner flame), an ufetubus
(summoned, inner flame) and 2 quokkas.

Vanquished Creatures
  2 hounds (D:4)
  Jessica (D:3)
  Ijyb (D:3)
  Robin (D:3)
  3 gnolls
  6 adders
  An ufetubus (D:4)
  A worm (D:2)
  A dart slug (D:1)
  5 orcs (D:4)
  2 endoplasms
  2 giant cockroaches (D:3)
  7 goblins
  7 hobgoblins
  A quokka (D:1)
  5 ball pythons
  4 bats
  A frilled lizard (D:1)
  5 kobolds
  6 rats
62 creatures vanquished.

Vanquished Creatures (others)
  2 goblins (D:3)
2 creatures vanquished.

Grand Total: 64 creatures vanquished

Notes
Turn   | Place    | Note
-------+----------+-------------------------------------------
     0 | D:1      | ASSMAN the Merfolk Ice Elementalist began the quest for the
                  | Orb.
     0 | D:1      | Reached XP level 1. HP: 13/13 MP: 3/3
   293 | D:1      | Found Firaosa's Jewellery Emporium.
   309 | D:1      | Reached skill level 1 in Fighting
   309 | D:1      | Reached XP level 2. HP: 16/21 MP: 0/5
  1258 | D:2      | Reached XP level 3. HP: 27/27 MP: 0/6
  1265 | D:2      | Found a sparkling altar of Nemelex Xobeh.
  1357 | D:2      | Reached skill level 1 in Polearms
  1996 | D:2      | Reached XP level 4. HP: 33/33 MP: 7/7
  2186 | D:3      | Noticed Jessica
  2192 | D:3      | Killed Jessica
  2461 | D:3      | Found a radiant altar of Vehumet.
  2543 | D:3      | Became a worshipper of Vehumet
  2679 | D:3      | Identified the ring of Tinaid {Ice rPois}
  2719 | D:3      | Noticed Robin
  2720 | D:3      | Noticed Ijyb
  2747 | D:3      | Killed Ijyb
  2748 | D:3      | Reached XP level 5. HP: 19/38 MP: 3/8
  2760 | D:3      | Killed Robin
  3371 | D:4      | Identified the +2 flail "Ekhlaren" {flame, rElec rC+ Dex-5}
  3523 | D:4      | Found a staircase to the Ecumenical Temple.
  3563 | D:4      | Reached skill level 5 in Dodging
  3735 | D:4      | Found a stormy altar of Qazlal.
  3786 | D:4      | Noticed Eustachio
  3800 | D:4      | Reached skill level 5 in Polearms
  3800 | D:4      | Reached XP level 6. HP: 28/44 MP: 9/9
  3810 | D:4      | Reached * piety under Vehumet
  3810 | D:4      | Offered knowledge of Foxfire by Vehumet.
  3906 | D:4      | Learned a level 3 spell: Ozocubu's Armour
  3983 | D:4      | Gained mutation: You passively map a small area around you.
                  | [potion of mutation]
  3983 | D:4      | Gained mutation: You are occasionally teleported next to
                  | monsters. [potion of mutation]
  3983 | D:4      | Gained mutation: You are clumsy. (Dex -2) [potion of
                  | mutation]
  4002 | D:4      | Killed by an exploding shadow imp... ignited by their inner
                  | flame

Illustrated notes

Levels and vault maps discovered:
D:1:      dpeg_arrival_more_subterranean_lakeside_camping, layout_basic,
          serial_shops, nicolae_shop_temple_entry_statues_fountains,
          minmay_cupped
D:2:      layout_basic, basic_altar
D:3:      minmay_spotlight, layout_basic, nicolae_vehumet_radiance,
          grunt_ministairs_12, nicolae_goblin_pals, uniq_jessica, uniq_ijyb
D:4:      layout_rooms, nicolae_qazlal_scattered_showers,
          mainiacjoe_overflow_swirl, minmay_temple_entry_offerings,
          grunt_decor_mini_mirrors, uniq_eustachio

Skill      XL: |  1  2  3  4  5 |
---------------+----------------+-----
Dodging        | 3 4 5 |  5.4
Fighting       | 1 2 |  2.0
Polearms       | 1 3 5 |  5.3
Stealth        | |  2.1
Spellcasting   | |  2.0
Ice Magic      | |  4.3

Action                   |  1- 3 |  4- 6 || total
-------------------------+-------+-------++-------
Melee: Unarmed           |     9 |       ||     9
       Dagger            |    18 |       ||    18
       Spear             |    23 |    27 ||    50
       Punch             |     1 |     3 ||     4
       Trident           |       |   145 ||   145
 Cast: Freeze            |    42 |    22 ||    64
       Ozocubu's Armour  |       |     2 ||     2
  Use: Potion            |       |     8 ||     8
       Scroll            |       |     4 ||     4
 Stab: Sleeping          |     3 |     3 ||     6
Armor: Robe              |    12 |    38 ||    50
       Skin              |       |    48 ||    48
Dodge: Dodged            |    59 |   161 ||   220

Table legend: (Time is in decaauts)
 A = Elapsed time spent in this place.
 B = Non-inter-level travel time spent in this place.
 C = Inter-level travel time spent in this place.
 D = Time resting spent in this place.
 E = Time spent auto-exploring this place.
 F = Levels seen in this place.
 G = Mean time per level.
                   A        B        C        D        E       F      G
               +--------+--------+--------+--------+--------+-----+--------+
         Total |   4005 |   3729 |    276 |    240 |   2875 |   4 | 1001.2 |
       Dungeon |   4005 |   3729 |    276 |    240 |   2875 |   4 | 1001.2 |
               +--------+--------+--------+--------+--------+-----+--------+

Top non-repeatable levels by time:
     D:3: 1394 daAuts
     D:2: 1095 daAuts
     D:1: 1071 daAuts
     D:4: 444 daAuts
